 Dungeon Crawl Stone Soup version 0.17-a0-484-g0e03f6a (webtiles) character file.

919 Ngotmuk the Skirmisher (level 7, -7/56 HPs)
             Began as a Demonspawn Abyssal Knight on Apr 10, 2015.
             Was an Elder of Lugonu.
             Splashed by a jelly's acid (14 damage)
             ... on level 5 of the Dungeon.
             The game lasted 00:20:17 (5472 turns).

Ngotmuk the Skirmisher (Demonspawn Abyssal Knight)  Turns: 5472, Time: 00:20:17

Health: -7/56      AC:  3    Str: 19    XL:     7   Next: 83%
Magic:  8/8        EV: 13    Int: 14    God:    Lugonu [****..]
Gold:   249        SH:  0    Dex: 19    Spells: 0 memorised, 6 levels left

rFire  + . .     SeeInvis .       - Unarmed
rCold  . . .     Clarity  .     k - +3 ring mail {rF+} (curse)
rNeg   . . .     SustAb   .     (no shield)
rPois  .         Gourm    .     (no helmet)
rElec  .         Spirit   .     (no cloak)
rCorr  .         Warding  .     (no gloves)
rMut   .         Stasis   .     (no boots)
MR     .....                    (no amulet)
Stlth  +.........               v - +4 ring of dexterity
                                g - +3 ring of dexterity

@: mighty, corroded equipment, not resistant to hostile enchantments, very
unstealthy
A: claws 1, hooves 2, powered by pain 1, regeneration 1
a: Depart the Abyss, Bend Space, Banish, Corrupt, Renounce Religion


You were on level 5 of the Dungeon.
You worshipped Lugonu.
Lugonu was greatly pleased with you.
You were not hungry.

You visited 1 branch of the dungeon, and saw 6 of its levels.
You visited the Abyss 1 time.

You collected 249 gold pieces.

Inventory:

Armour
 k - a cursed +3 ring mail of fire resistance (worn)
 r - a +0 shield
Jewellery
 g - a +3 ring of dexterity (left claw)
 v - a +4 ring of dexterity (right claw)
Magical devices
 m - a wand of cold (4)
 q - a wand of fireball (7)
 u - a wand of paralysis (14)
 y - a wand of draining (6)
Scrolls
 a - a scroll of enchant weapon
 c - a scroll of amnesia
 d - 3 scrolls of fear
 f - a scroll of immolation
 j - 3 scrolls of teleportation
 l - 6 scrolls of remove curse
 p - a scroll of blinking
Potions
 b - 2 potions of might {unknown}
 e - 2 potions of cancellation
 o - a potion of curing
 s - 3 potions of agility
 t - a potion of brilliance
 w - a potion of flight


   Skills:
 + Level 5.0 Fighting
   Level 2.0 Long Blades
 + Level 4.0 Armour
 + Level 3.6 Dodging
 * Level 4.7 Unarmed Combat
 - Level 2.4 Invocations


You had 6 spell levels left.
You didn't know any spells.

Dungeon Overview and Level Annotations

Branches:
Dungeon (6/15)
 Temple: D:4-7

Altars:
Dithmenos
Gozag
Qazlal
Trog
Vehumet
Yredelemnul

Shops:
D:4 ?

Annotations:
D:6 Eustachio


Innate Abilities, Weirdness & Mutations

You have sharp fingernails.
You have hoof-like feet.
You sometimes gain a little power by taking damage.
Your natural rate of healing is unusually fast.


Message History

The bat hits you. The bat hits you but does no damage.
The bat barely misses you. The centaur zombie hits you.
The bat hits you but does no damage. The bat hits you but does no damage.
The centaur zombie hits you.
There is a stone staircase leading up, spattered with blood here.
The bat hits you but does no damage. The centaur zombie barely misses you.
You climb upwards.
The slime creature closely misses you.
The slime creature jiggles.
The slime creature hits you!
* * * LOW HITPOINT WARNING * * *
You focus on the pain.
You feel very mighty all of a sudden.
There is a stone staircase leading down, spattered with blood here.
The jelly misses you.
The slime creature hits you but does no damage.
The jelly hits you.
* * * LOW HITPOINT WARNING * * *
You are splashed with acid!
The acid corrodes your equipment!
The acid burns!
You die...

...........#....##...###...##.###
.#+###(....####'###J####...##....
##...'.....#......J...#.J...'....
.....#.....#..........+.J...#....
.....#.....+..........#.....#....
.#...#.....#...###..####..###....
.#####.....#...###..####'####....
## #.....#..JJ#...#............
.# #.....#..>.@...'............
.# #.....+....#.).#..........).
.# ... #....#...#............ ##
######################


You could see a slime creature and a jelly.

Vanquished Creatures
  Menkaure (D:6)
  A centaur (D:5)
  A giant frog (D:5)
  Blork the orc (D:6)
  2 orc priests (D:4)
  A hound (D:4)
  2 jellies (D:6)
  A centaur skeleton (D:4)
  3 worker ants (D:4)
  3 orc wizards
  5 adders
  5 gnolls
  A shadow imp (D:3)
  2 worms
  An ufetubus (D:6)
  2 adder skeletons
  13 orcs
  A bat skeleton (D:4)
  A bat zombie (D:6)
  7 giant cockroaches
  11 hobgoblins
  6 jackals
  A quokka (D:2)
  11 bats
  4 giant geckos
  7 giant newts
  7 goblins
  9 kobolds
  13 rats
123 creatures vanquished.

Notes
Turn   | Place    | Note
--------------------------------------------------------------
     0 | Abyss:1  | Ngotmuk, the Demonspawn Abyssal Knight, began the quest for the Orb.
     0 | Abyss:1  | Reached XP level 1. HP: 18/18 MP: 2/2
    11 | D:1      | Escaped the Abyss
   229 | D:1      | Reached skill level 1 in Dodging
   640 | D:1      | Gained mutation: You sometimes gain a little power by taking damage. [demonic ancestry]
   640 | D:1      | Reached XP level 2. HP: 24/24 MP: 3/3
   741 | D:2      | Found a bloodstained altar of Trog.
   923 | D:2      | Acquired Lugonu's second power
  1191 | D:2      | Gained mutation: You have sharp fingernails. [demonic ancestry]
  1191 | D:2      | Reached XP level 3. HP: 20/29 MP: 4/4
  2121 | D:3      | Reached skill level 1 in Unarmed Combat
  2298 | D:2      | HP: 1/29 [orc/flail (7)]
  2347 | D:2      | Gained mutation: Your natural rate of healing is unusually fast. [potion of beneficial mutation]
  2449 | D:3      | Gained mutation: You have large cloven feet. [demonic ancestry]
  2449 | D:3      | Reached XP level 4. HP: 33/36 MP: 5/5
  2708 | D:3      | Found a shadowy altar of Dithmenos.
  2840 | D:3      | Acquired Lugonu's third power
  3018 | D:3      | Gained mutation: You have hoof-like feet. [demonic ancestry]
  3018 | D:3      | Reached XP level 5. HP: 30/42 MP: 6/6
  3391 | D:4      | Reached skill level 4 in Fighting
  3518 | D:4      | Found Ezeowecvel's Magic Scroll Emporium.
  3818 | D:4      | Reached XP level 6. HP: 44/48 MP: 7/7
  3959 | D:4      | Found a basalt altar of Yredelemnul.
  4096 | D:4      | Found a stormy altar of Qazlal.
  4096 | D:4      | Found an opulent altar of Gozag.
  4442 | D:5      | Entered Level 5 of the Dungeon
  4543 | D:5      | Acquired Lugonu's fourth power
  4543 | D:5      | Reached XP level 7. HP: 34/55 MP: 8/8
  4784 | D:5      | Found a radiant altar of Vehumet.
  4803 | D:5      | Noticed a slime creature
  5028 | D:6      | Noticed Menkaure
  5040 | D:6      | Killed Menkaure
  5110 | D:6      | Noticed Blork the orc
  5122 | D:6      | Killed Blork the orc
  5122 | D:6      | Reached skill level 5 in Fighting
  5426 | D:6      | Noticed Eustachio
  5472 | D:5      | Splashed by a jelly's acid

Action                   |  1- 3 |  4- 6 |  7- 9 || total
-------------------------+-------+-------+-------++-------
Melee: Falchion          |    79 |       |       ||    79
       Unarmed           |   156 |   376 |    83 ||   615
  Use: Potion            |     3 |       |       ||     3
       Scroll            |       |     1 |    17 ||    18
  Eat: Bread ration      |     1 |       |     1 ||     2
       Meat ration       |     1 |       |       ||     1
       Beef jerky        |       |     1 |       ||     1
       Chunk             |       |       |     2 ||     2
